Map: 워터폴

Players

Clem

  • Race: Terran Terran
  • Spawn Location: 1:00

Bunny - Winner!

  • Race: Terran Terran
  • Spawn Location: 7:00

Event: DreamHack SC2 Masters 2022 Atlanta (Offline)

VOD

Have the link to the VOD?

Description

Time

  • Played on: Nov. 19, 2022, 12:04 p.m.
  • Length: 5:44

All games in this series

Show
View Real Time Build Order
Export as new Build Order

Clem Terran 

Build Orders:  

Get SALT Encoding   

  12  0:00  SCV  
  13  0:12  SCV  
  14  0:16  Supply Depot  
  14  0:24  SCV  
  15  0:38  SCV  
  15  0:39  Barracks  
  16  0:44  Refinery  
  16  0:50  SCV  
  16  0:53  Refinery  
  17  1:02  SCV  
  18  1:14  SCV  
  19  1:27  Reaper, Orbital Command  
  19  1:30  Supply Depot  
  20  1:43  Factory  
  20  1:52  SCV  
  21  1:59  Reaper  
  22  2:04  SCV  
  23  2:20  Command Center  
  23  2:26  SCV  
  23  2:31  Hellion  
  23  2:34  Reaper  
  26  2:38  SCV  
  27  2:44  Supply Depot  
  27  2:51  SCV  
  28  2:52  Hellion  
  29  3:03  SCV  
  29  3:05  Starport  
  29  3:06  Reaper  
  30  3:14  Hellion  
  30  3:15  SCV  
  33  3:27  SCV  
  33  3:32  Orbital Command  
  33  3:34  Refinery  
  34  3:36  Hellion  
  34  3:38  Barracks Tech Lab  
  34  3:39  SCV  
  37  3:42  Starport Tech Lab  
  37  3:51  SCV  
  37  3:52  Supply Depot  
  38  3:59  SCV  
  38  4:01  Raven  
  41  4:06  Cyclone, SCV  
  41  4:09  Barracks Reactor  
  45  4:11  SCV  
  45  4:14  Supply Depot  
  46  4:18  SCV  
  46  4:23  SCV  
  48  4:30  SCV  
  47  4:35  SCV  
  47  4:38  Supply Depot, Siege Tank  
  48  4:45  Marine x2  
  51  4:46  Raven  
  51  4:47  SCV  
  56  4:56  SCV  
  56  4:57  Command Center  
  56  4:59  SCV  
  58  5:05  Marine x2  
  60  5:08  SCV  
  56  5:16  SCV  
  56  5:20  SCV  
  53  5:23  Marine  
  53  5:25  Marine  
  53  5:28  SCV  
  53  5:32  SCV  
Show
View Real Time Build Order
Export as new Build Order

Bunny Terran - Winner!

Build Orders:  

Get SALT Encoding   

  12  0:00  SCV  
  13  0:12  SCV  
  14  0:17  Supply Depot  
  14  0:24  SCV  
  15  0:38  SCV  
  15  0:40  Barracks  
  15  0:42  Refinery  
  16  0:50  SCV  
  16  0:52  Refinery  
  17  1:02  SCV  
  18  1:14  SCV  
  19  1:27  Reaper, Orbital Command  
  19  1:30  Supply Depot  
  20  1:40  Factory  
  20  1:52  SCV  
  21  1:59  Reaper  
  22  2:04  SCV  
  23  2:15  Command Center  
  23  2:17  SCV  
  24  2:29  SCV  
  25  2:31  Barracks Reactor  
  25  2:32  Hellion  
  27  2:38  Supply Depot  
  27  2:41  SCV  
  28  2:51  Starport  
  28  2:54  SCV, Factory Tech Lab  
  28  3:06  SCV  
  28  3:08  Marine x2  
  31  3:13  Siege Tank  
  31  3:18  SCV  
  35  3:26  Marine x2  
  37  3:27  Supply Depot  
  37  3:30  Medivac  
  39  3:45  SCV, Orbital Command, Marine x2  
  42  3:52  Siege Tank  
  45  3:57  SCV  
  45  4:00  Starport Tech Lab  
  46  4:03  Marine x2  
  46  4:07  Refinery  
  46  4:09  SCV  
  49  4:12  SCV  
  48  4:24  Marine  
  48  4:25  Marine  
  48  4:27  Raven  
  48  4:29  SCV x2  
  54  4:41  Supply Depot, SCV x2  
  54  4:42  Marine x2  
  58  4:47  Siege Tank  
  61  4:54  SCV  
  61  4:58  Supply Depot  
  61  4:59  Supply Depot  
  62  5:02  Marine x2  
  62  5:03  SCV  
  65  5:08  SCV  
  63  5:15  SCV  
  63  5:20  Marine x2  
  65  5:26  SCV  
  65  5:27  SCV  
  69  5:30  Command Center  
  69  5:37  Supply Depot  
  69  5:38  Refinery  
Tags
 
Add a new tag
Caveats
  • Supply blocks, unpowered buildings, or Contaminate may cause inaccurate times.
  • Supply counts are checked every 10 seconds.